 Dungeon Sprint DCSS version 0.29-a0-1033-gb6c65ffae6 (webtiles) character file.

Game seed: 10833782785291040568

103 mhtbhm the Firebug (level 4, 0/24 HPs)
             Began as a Deep Elf Fire Elementalist on Aug 14, 2022.
             Drowned by a water elemental (5 damage)
             ... in the Dungeon (Sprint III: "The Ten Rune Challenge").
             The game lasted 00:01:03 (466 turns).

mhtbhm the Firebug (Deep Elf Fire Elementalist)      Turns: 466, Time: 00:01:04

Health: 0/24       AC:  2    Str:  5    XL:     4   Next: 51%
Magic:  8/14       EV: 13    Int: 22    God:
Gold:   52         SH:  0    Dex: 15    Spells: 3/16 levels left

rFire   . . .      SeeInvis .   (no weapon)
rCold   . . .      Faith    .   (no shield)
rNeg    . . .      Spirit   .   a - +0 robe
rPois   .          Reflect  .   (no helmet)
rElec   .          Harm     .   (no cloak)
rCorr   .          Rampage  .   (no gloves)
Will    .....      NoTele   +   (no boots)
Stlth   +++.......              (no amulet)
HPRegen 0.08/turn               (no ring)
MPRegen 0.14/turn               (no ring)

@: engulfed (cannot breathe)
A: no striking features
a: no special abilities


You were in the Dungeon.
You visited 1 branch You collected 52 gold pieces.

Inventory:

Armour
 a - a +0 robe (worn)
Scrolls
 g - a scroll of blinking
 i - a scroll of immolation {unknown}
 j - a scroll of identify {unknown}
 l - a scroll of poison {unknown}
 m - a scroll of amnesia {unknown}
Potions
 b - 2 potions of magic
 c - a potion of curing
 d - a potion of heal wounds
 e - a potion of haste
 f - a potion of berserk rage
 h - 3 potions of mutation {unknown}
 k - 4 potions of flight {unknown}


   Skills:
 + Level 4.1 Dodging
 + Level 4.4 Stealth
 + Level 0.7 Unarmed Combat
 + Level 6.9 Spellcasting
 + Level 2.8 Conjurations
 + Level 7.1 Fire Magic


You had 3 spell levels left.
You knew the following spells:

 Your Spells              Type           Power      Damage    Failure   Level
a - Foxfire               Conj/Fire      100%       2x1d9     1%          1
b - Scorch                Fire           78%        2d9       1%          2
c - Conjure Flame         Conj/Fire      29%        6-21      3%          3
d - Inner Flame           Hex/Fire       23%        N/A       6%          3
e - Flame Wave            Conj/Fire      29%        2d9       11%         4

Your spell library contained the following spells:

 Spells                   Type           Power      Damage    Failure   Level


Dungeon Overview and Level Annotations

Branches:
Dungeon (1/1)

Altars:


Message History

You open the door.
Found 26 gold pieces and 2 fuming pink potions.
There is an open door here.
You now have 40 gold pieces (gained 14).
h - a fuming pink potion;
i - a scroll labelled CYKLO IPUR
j - a scroll labelled FIOHIUD XAED;
h - 2 fuming pink potions (gained 1)
k - 2 fizzy black potions
h - 3 fuming pink potions (gained 1);
l - a scroll labelled YXZAIT BEETYON
m - a scroll labelled DESKIF CIEBB;
k - 3 fizzy black potions (gained 1)
k - 4 fizzy black potions (gained 1)
You now have 52 gold pieces (gained 12).
There is an open door here.
You start resting.
Magic restored.
You open the door.
A water elemental comes into view.
Unknown command.
Casting: Scorch (safe; 1% risk of failure)
Confirm with . or Enter, or press ? or * to list all spells.
Flames lash the water elemental.
The water elemental is burned terribly!
The water elemental is moderately damaged.
The water elemental's fire resistance burns away.
Casting: Scorch (safe; 1% risk of failure)
Confirm with . or Enter, or press ? or * to list all spells.
The spell is extremely dangerous to miscast (11% risk of failure)!
Continue anyway? [Y]es or [N]o only, please.
The spell is extremely dangerous to miscast (11% risk of failure)!
Continue anyway?
Casting: Flame Wave (extremely dangerous; 11% risk of failure)
Press: ? - help, Dir - look around, f - activate A wave of flame ripples out!
The flame wave engulfs the water elemental!
The water elemental is burned terribly!
The water elemental is severely damaged. (Press . to intensify the flame waves.)
The water elemental hits you!!
Ouch! That really hurt!
* * * LOW HITPOINT WARNING * * *
The water elemental engulfs you in water!
Unknown command.
You die...

▓▓▓▓▓▓▓▓ ▓▓▓ <..#...####
##.# ...#.v....#####..#
..##.......#..#..#
##.##.##...#..#..# #+#+#
##.##.###..##'#..#......
#.####.##..###..@E.⌠....
.###..##..####...#...###
#.....##).###....# ⌠.#
###..##...##.....# .#
##..##....#......# #
#..###..##.#.....# #..#
#.. ####....# ▓▓▓▓ ▓▓▓
▓▓▓▓▓▓


You could see a water elemental (combustible).

Vanquished Creatures
  A scorpion (D)
  Jessica (D)
  A human (D)
  2 endoplasms (D)
  A rat (D)
6 creatures vanquished.

Vanquished Creatures (others)
  21 foxfires (D)
21 creatures vanquished.

Grand Total: 27 creatures vanquished

Notes
Turn   | Place    | Note
-------+----------+-------------------------------------------
     0 | D        | mhtbhm the Deep Elf Fire Elementalist began the quest for
                  | the Orb.
     0 | D        | Reached XP level 1. HP: 10/10 MP: 6/6
   219 | D        | Reached skill level 4 in Fire Magic
   258 | D        | Noticed Jessica
   262 | D        | Killed Jessica
   263 | D        | Reached skill level 5 in Fire Magic
   263 | D        | Reached XP level 2. HP: 15/15 MP: 2/9
   263 | D        | Reached XP level 3. HP: 19/19 MP: 2/11
   341 | D        | Learned a level 2 spell: Scorch
   345 | D        | Learned a level 3 spell: Conjure Flame
   349 | D        | Learned a level 3 spell: Inner Flame
   364 | D        | Reached skill level 5 in Spellcasting
   364 | D        | Reached skill level 6 in Fire Magic
   408 | D        | Noticed a scorpion
   410 | D        | Killed a scorpion
   411 | D        | Reached skill level 7 in Fire Magic
   411 | D        | Reached XP level 4. HP: 24/24 MP: 7/14
   416 | D        | Learned a level 4 spell: Flame Wave
   463 | D        | Noticed a water elemental
   466 | D        | Drowned by a water elemental

Illustrated notes

Levels and vault maps discovered:
D:        dungeon_sprint_mu [sprint_mu_entry_cave, sprint_mu_temple_rooms,
          sprint_mu_d1_spiders, sprint_mu_d2_genie, sprint_mu_d3_branching,
          sprint_mu_orc_legion, sprint_mu_elf_gauntlet, sprint_mu_hive_nellie,
          sprint_mu_lair_fedhas, sprint_mu_vaults_butterflies,
          sprint_mu_slime_circle, sprint_mu_swamp_cave, sprint_mu_shoals_archi,
          sprint_mu_blade_basic, sprint_mu_crypt_fortress,
          sprint_mu_tomb_spiral, sprint_mu_vestibule_basic,
          sprint_mu_gehenna_hellfire, sprint_mu_dis_giant,
          sprint_mu_tartarus_statrot, sprint_mu_cocytus_islands, sprint_mu_zot1]

Skill      XL: |  1  2  3 |
---------------+----------+-----
Fire Magic     | 5 7 |  7.1
Dodging        | 3 4 |  4.1
Stealth        | 3 4 |  4.4
Spellcasting   | 4 6 |  6.9
Conjurations   | 2 |  2.8
Unarmed Combat | |  0.7

Action                   |  1- 3 |  4- 6 || total
-------------------------+-------+-------++-------
Melee: Unarmed           |     7 |       ||     7
 Cast: Foxfire           |    13 |       ||    13
       Scorch            |     8 |     1 ||     9
       Flame Wave        |       |     1 ||     1
  Use: Potion            |     1 |       ||     1
 Stab: Sleeping          |     1 |       ||     1
Armor: Robe              |     1 |       ||     1
Dodge: Dodged            |     6 |       ||     6

Table legend: (Time is in decaauts)
 A = Elapsed time spent in this place.
 B = Non-inter-level travel time spent in this place.
 C = Inter-level travel time spent in this place.
 D = Time resting spent in this place.
 E = Time spent auto-exploring this place.
 F = Levels seen in this place.
 G = Mean time per level.
                   A        B        C        D        E       F      G
               +--------+--------+--------+--------+--------+-----+--------+
         Total |    466 |    466 |      0 |    148 |    204 |   1 |  466.0 |
       Dungeon |    466 |    466 |      0 |    148 |    204 |   1 |  466.0 |
               +--------+--------+--------+--------+--------+-----+--------+

Top non-repeatable levels by time:
       D: 466 daAuts
